 Dungeon Crawl Stone Soup version 0.32-a0-791-gfc315c9ecd (webtiles) character file.

Game seed: 10748730997995405803

15666 inqbanana the Cleaver (level 12, -4/141 HPs)
             Began as a Coglin Berserker on Mar 20, 2024.
             Was a High Priest of Trog.
             Killed by angry trees
             ... awakened by a spriggan druid
              (10 damage)
             ... on level 2 of the Lair of Beasts.
             The game lasted 00:27:27 (10917 turns).

inqbanana the Cleaver (Coglin Berserker)           Turns: 10917, Time: 00:27:27

Health: -4/141     AC: 16    Str: 22    XL:     12   Next: 29%
Magic:  12/12      EV: 11    Int:  7    God:    Trog [*****.]
Gold:   1896       SH:  0    Dex: 12    Spells: 11/11 levels left

rFire   . . .        d - +6 broad axe (venom) {Kenji}
rCold   . . .        h - +4 war axe {Lin}
rNeg    . . .        e - +6 scale mail of Quguum {Fly}
rPois   .            (helmet restricted)
rElec   .            s - +1 cloak
rCorr   .            (no gloves)
SInv    .            (no boots)
Will    .....        (amulet unavailable) Stlth
                     (ring unavailable)
HPRegen 0.43/turn    (ring unavailable)
MPRegen 0.13/turn    (no gizmo)

%: no passive effects
@: berserking (expiring), flying, revved, very quick
A: off-hand wielding, slow wielding, warmup strikes, no jewellery, horns 1,
clumsy 1, sense surroundings 1
a: Invent Gizmo, Renounce Religion, Berserk, Trog's Hand, Brothers in Arms


You were on level 2 of the Lair of Beasts.
You worshipped Trog.
Trog was extremely pleased with you.
You visited 2 branches of the dungeon, and saw 12 of its levels.
You also visited: Bailey.

You collected 1896 gold pieces.

Inventory:

Hand Weapons
 a - a +1 hand axe of freezing {Cuahtemoc}
 b - the +6 short sword of Kyttoif {flame, MP+9}
   (You found it on level 2 of the Lair of Beasts)

   MP+9:      It affects your magic capacity (+9).
 d - a +6 broad axe of venom (weapon) {Kenji}
 g - a +1 hand axe of holy wrath
 h - a +4 war axe (offhand) {Lin}
 o - a +4 eveningstar of holy wrath
 C - a +2 eveningstar of draining
Armour
 e - the +6 scale mail of Quguum (worn) {Fly}
   (You took it off an orc on level 8 of the Dungeon)

   Fly:       It grants you flight.
 r - the +0 ring mail "Jiheocledgh" {+Blink rElec rF++ MP-9}
   (You found it on level 2 of the Dungeon)

   rF++:      It greatly protects you from fire.
   rElec:     It insulates you from electricity.
   MP-9:      It affects your magic capacity (-9).
   +Blink:    It lets you blink.
 s - a +1 cloak (worn)
 v - the +0 ring mail of the End {Will+ SInv}
   (You found it on level 4 of the Dungeon)

   Will+:     It increases your willpower.
   SInv:      It lets you see invisible.
Wands
 c - a wand of charming (3)
 m - a wand of acid (7)
 y - a wand of flame (14)
 z - a wand of mindburst (5)
 B - a wand of digging (5)
Scrolls
 f - 5 scrolls of identify
 i - 11 scrolls of teleportation
 n - 2 scrolls of summoning
 t - 3 scrolls of fear
 u - 2 scrolls of fog
 w - a scroll of brand weapon
Potions
 j - a potion of might
 k - 4 potions of invisibility
 l - 3 potions of curing
 x - 2 potions of heal wounds
Miscellaneous
 D - a phantom mirror


   Skills:
 + Level 8.4 Fighting
 * Level 11.3 Axes
 * Level 9.1 Armour
 + Level 7.2 Dodging
 * Level 10.3 Evocations


You had 11 spell levels left.
You didn't know any spells.
Your spell library was empty.

Dungeon Overview and Level Annotations

Branches:
Dungeon (10/15)            Temple (0/1) D:5            Lair (2/5) D:10
 Bailey (visited)
  Swamp: Lair:2-3    Shoals: Lair:2-3     Snake: Lair:2-3    Spider: Lair:2-3
    Orc: D:9-12

Altars:
Ashenzari
Cheibriados
Dithmenos
Fedhas
Okawaru
Qazlal
Ru
Sif Muna
Wu Jian
Yredelemnul

Shops:
D:1 :!   D:6 (


Innate Abilities, Weirdness & Mutations

You can wield a second weapon in your off-hand.
It takes a long time for you to wield or remove held weapons.
Your first few attacks do less damage.
You cannot equip rings or amulets.
You have a pair of small horns on your head.
You are clumsy. (Dex -2)
You passively map a small area around you.


Message History

The hornet looks as sick as possible!
The hornet misses you.
You closely miss the spriggan druid with your +6 broad axe of venom.
Your headbutt misses the spriggan druid.
The spriggan druid is almost dead.
You slash the hornet with your +6 broad axe of venom!
You kill the hornet!
Trog accepts your kill.
You slash the spriggan druid with your +4 war axe!
You kill the spriggan druid!
Trog accepts your kill.
Trog appreciates your killing of a magic user.
You are hit by a branch!
The trees move their gnarly branches around.
A root smacks you from below!
* * * LOW HITPOINT WARNING * * *
The spriggan druid hits you but does no damage.
Things that are here:
a +0 quarterstaff; a +0 robe You barely miss the spriggan druid with your +4 war axe.
Your headbutt misses the spriggan druid.
You miss the spriggan druid with your +6 broad axe of venom.
The spriggan druid misses you.
Unknown command.
You miss the spriggan druid with your +6 broad axe of venom.
You slice the spriggan druid with your +4 war axe!!
A tree reaches out and hits you!
* * * LOW HITPOINT WARNING * * *
Unknown command.
You barely miss the spriggan druid with your +4 war axe.
The spriggan druid is heavily wounded.
You miss the spriggan druid with your +6 broad axe of venom.
You are hit by a branch!
* * * LOW HITPOINT WARNING * * *
The spriggan druid hits you with a +0 quarterstaff.
* * * LOW HITPOINT WARNING * * *
You miss the spriggan druid with your +4 war axe.
The spriggan druid is heavily wounded.
You hit the spriggan druid with your +6 broad axe of venom.
The spriggan druid is poisoned.
A tree reaches out and hits you!
You die...

##...♣ ,,, , ♣.....P.#
###P..P♣* §§♣§§♣♣♣.......#
#P#..P♣♣,♣..♣§§..♣....)#.P
#..#### ...§§§§.♣........
#.)### ...♣.§. ♣.....#>.
##.#.# * ...§.♣ ♣♣♣......
#....##♣♣.♣.. ######.
####.P#♣i♣.♣ , #.
#...♣.@♣* * ##. ##...♣♣♣ *
#.. ###.♣ #.. #.# ##.. ###
#.#. ##.. ##.. #... #.##
#...


You could see a spriggan druid (very poisoned).

Vanquished Creatures
  2 orc high priests (Bailey)
  Urug (Lair:1)
  A spriggan druid (Lair:2)
  8 cane toads
  A rime drake (Lair:1)
  2 komodo dragons
  4 blink frogs (Lair:1)
  3 hornets
  A vampire (D:10)
  A shadow (D:10)
  16 yaks
  2 wyverns
  A basilisk (Lair:2)
  A steam dragon (D:8)
  4 swamp worms (Lair:1)
  An acid dragon (D:9)
  5 water moccasins
  12 orc warriors
  2 sky beasts
  An ice beast (D:6)
  2 black bears
  3 ogres
  11 wolves (Lair:1)
  A phantom (D:6)
  A centaur (D:6)
  3 kobold brigands
  2 bullfrogs
  2 gnoll sergeants
  2 scorpions (D:5)
  2 wights (D:8)
  6 killer bees (D:7)
  8 electric eels
  3 howler monkeys
  8 hounds
  A gnoll bouda (D:7)
  An orc priest (D:10)
  An iguana (D:5)
  2 orc wizards (D:6)
  11 gnolls
  5 adders
  2 shadow imps
  A white imp (D:7)
  2 ufetubi (D:6)
  A dart slug (D:3)
  22 orcs
  7 ball pythons
  7 bats
  12 endoplasms
  2 giant cockroaches
  15 goblins
  11 hobgoblins
  9 jackals
  18 kobolds
  5 quokkas
  3 frilled lizards
  A rat (D:2)
262 creatures vanquished.

Notes
Turn   | Place    | Note
-------+----------+-------------------------------------------
     0 | D:1      | inqbanana the Coglin Berserker began the quest for the Orb.
     0 | D:1      | Reached XP level 1. HP: 18/18 MP: 1/1
    69 | D:1      | Reached XP level 2. HP: 14/24 MP: 2/2
   414 | D:1      | Reached ** piety under Trog
   415 | D:1      | Reached XP level 3. HP: 19/29 MP: 3/3
   526 | D:1      | Found Surot's Book Boutique.
   567 | D:1      | Found Duffi Uden's Distillery.
  1288 | D:2      | Reached XP level 4. HP: 32/35 MP: 4/4
  1289 | D:2      | Identified the +0 ring mail "Jiheocledgh" {+Blink rElec
                  | rF++ MP-9}
  1357 | D:2      | Found a stormy altar of Qazlal.
  1392 | D:3      | You fall into a shaft and drop 2 floors!
  1392 | D:5      | Entered Level 5 of the Dungeon
  1412 | D:5      | Reached skill level 4 in Axes
  1460 | D:5      | Noticed a scorpion
  1465 | D:5      | Killed a scorpion
  1466 | D:5      | Reached XP level 5. HP: 42/42 MP: 5/5
  1525 | D:5      | Found a shadowy altar of Dithmenos.
  1526 | D:5      | Found an ornate altar of the Wu Jian Council.
  1530 | D:6      | Noticed an ice beast
  1535 | D:5      | Found a basalt altar of Yredelemnul.
  1535 | D:5      | Found a sacrificial altar of Ru.
  1535 | D:5      | Found an iron altar of Okawaru.
  1537 | D:5      | Found a blossoming altar of Fedhas.
  1537 | D:5      | Found a shimmering blue altar of Sif Muna.
  1538 | D:5      | Found a snail-covered altar of Cheibriados.
  1571 | D:5      | Noticed an ogre
  1575 | D:5      | Killed an ogre
  1576 | D:5      | Reached XP level 6. HP: 48/48 MP: 6/6
  1678 | D:5      | Reached skill level 5 in Axes
  1782 | D:5      | Found a staircase to the Ecumenical Temple.
  2168 | D:4      | Identified the +0 ring mail of the End {Will+ SInv}
  2427 | D:3      | Reached *** piety under Trog
  2754 | D:3      | Reached XP level 7. HP: 51/55 MP: 7/7
  3597 | D:6      | Found Liqir's Weapon Shop.
  3730 | D:6      | Noticed a wyvern
  3733 | D:6      | Reached skill level 6 in Axes
  3737 | D:6      | Killed a wyvern
  3738 | D:6      | Reached skill level 5 in Fighting
  3738 | D:6      | Reached XP level 8. HP: 62/62 MP: 8/8
  4137 | D:7      | Reached skill level 7 in Axes
  4476 | D:7      | Reached XP level 9. HP: 62/69 MP: 9/9
  4491 | D:7      | Gained mutation: You are somewhat resistant to further
                  | mutation. [potion of mutation]
  4491 | D:7      | Gained mutation: You have very sharp teeth. [potion of
                  | mutation]
  4492 | D:7      | Lost mutation: You are somewhat resistant to further
                  | mutation. [potion of mutation]
  4492 | D:7      | Lost mutation: You have very sharp teeth. [potion of
                  | mutation]
  4492 | D:7      | Gained mutation: You are agile. (Dex +4, Str/Int -1)
                  | [potion of mutation]
  4492 | D:7      | Gained mutation: Your flesh is cold resistant. (rC+)
                  | [potion of mutation]
  4503 | D:7      | Reached skill level 5 in Armour
  4505 | D:7      | Reached skill level 5 in Dodging
  4517 | D:7      | Reached skill level 8 in Axes
  5086 | D:8      | Reached skill level 1 in Evocations
  5142 | D:7      | Identified a scroll of acquirement
  5159 | D:7      | Acquired a +3 broad axe of venom
  5247 | D:8      | Identified the +6 scale mail of Quguum {Fly}
  5263 | D:8      | Reached **** piety under Trog
  5655 | D:9      | Found a broken altar of Ashenzari.
  5738 | D:9      | Found a flagged portal.
  5758 | Bailey   | Entered a bailey
  6426 | Bailey   | Reached XP level 10. HP: 48/77 MP: 10/10
  6570 | Bailey   | Reached skill level 9 in Axes
  6605 | Bailey   | Reached skill level 5 in Evocations
  6796 | Bailey   | Found an iron altar of Okawaru.
  6796 | Bailey   | Noticed an orc high priest
  6796 | Bailey   | Noticed an orc high priest
  6807 | Bailey   | Killed an orc high priest
  6808 | Bailey   | Killed an orc high priest
  7062 | D:9      | Acquired 1088 gold pieces
  7389 | D:10     | Entered Level 10 of the Dungeon
  7516 | D:10     | Paralysed by a hornet for 1 turns
  7716 | D:10     | Found a staircase to the Lair.
  7737 | D:10     | Reached skill level 10 in Axes
  7737 | D:10     | Reached XP level 11. HP: 64/84 MP: 11/11
  7743 | D:10     | Reached ***** piety under Trog
  8563 | Lair:1   | Entered Level 1 of the Lair of Beasts
  9252 | Lair:1   | Noticed Urug
  9263 | Lair:1   | Killed Urug
  9567 | Lair:1   | Reached skill level 11 in Axes
  9624 | Lair:1   | Reached XP level 12. HP: 93/93 MP: 12/12
 10445 | Lair:2   | Lost mutation: You are agile. (Dex +4, Str/Int -1) [potion
                  | of mutation]
 10445 | Lair:2   | Lost mutation: Your flesh is cold resistant. (rC+) [potion
                  | of mutation]
 10445 | Lair:2   | Gained mutation: You have a pair of small horns on your
                  | head. [potion of mutation]
 10445 | Lair:2   | Gained mutation: You passively map a small area around you.
                  | [potion of mutation]
 10445 | Lair:2   | Gained mutation: You are clumsy. (Dex -2) [potion of
                  | mutation]
 10479 | Lair:2   | Reached skill level 10 in Evocations
 10798 | Lair:2   | Identified the +6 short sword of Kyttoif {flame, MP+9}
 10907 | Lair:2   | Paralysed by a hornet for 1 turns
 10916 | Lair:2   | HP: 5/141 [spriggan druid/+0 quarterstaff (3)]
 10917 | Lair:2   | Killed from afar by a spriggan druid

Illustrated notes

Levels and vault maps discovered:
D:1:      spicycebolla_green_bress_n_ham, layout_loops_ring, serial_shops, shop,
          nicolae_shop_hallway_stairs, chequers_avenue, hangedman_decor_points
D:2:      layout_rooms, basic_altar, kennysheep_potato
D:3:      layout_basic, minmay_strange_pillars, kennysheep_minor_cross
D:4:      layout_rooms
D:5:      layout_basic, grunt_temple_overflow_open,
          minmay_temple_entry_antechambers, serial_park_tiny_1
D:6:      layout_basic, serial_shops, shop
D:7:      layout_rooms
D:8:      layout_rooms, grunt_decor_cap, st_stairs_4
D:9:      layout_rooms, evilmike_ruin_ashenzari, enter_bailey_2
D:10:     layout_cave_pods, lair_entry_dummy
Lair:1:   beast_lair_carwin_large_3, layout_cave_pods, worms_lemuel, uniq_urug
Lair:2:   layout_cave_pods, mainiacjoe_swamp_entry_angry_trees,
          chequers_serial_rivers_room_b, serial_bayou_ford_a

Skill      XL: |  1  2  3  4  5  6  7  8  9 10 11 12 |
---------------+-------------------------------------+-----
Armour         | 2 3 4 6 7 8 9 |  9.1
Dodging        | 2 3 4 5 6 7 |  7.2
Axes           | 4 5 6 7 8 10 11 | 11.3
Fighting       | 4 5 6 7 8 |  8.4
Evocations     | 4 7 9 10 | 10.3

Action                     |  1- 3 |  4- 6 |  7- 9 | 10-12 || total
---------------------------+-------+-------+-------+-------++-------
  Melee: Hand axe          |    96 |   104 |   403 |       ||   603
         Dagger            |    88 |    66 |       |       ||   154
         Broad axe         |       |       |    44 |   194 ||   238
         War axe           |       |       |       |   192 ||   192
         Headbutt          |       |       |       |     4 ||     4
 Invoke: Berserk           |     1 |     3 |     8 |     5 ||    17
         Trog's Hand       |       |       |     1 |       ||     1
    Use: Scroll            |       |       |    15 |     8 ||    23
         Potion            |       |       |     7 |     1 ||     8
   Stab: Sleeping          |     1 |       |       |       ||     1
         Invisible         |       |       |     3 |       ||     3
 Armour: Animal skin       |    25 |       |       |       ||    25
         Scale mail        |    34 |    87 |    48 |   144 ||   313
         Plate armour      |       |       |   224 |       ||   224
  Dodge: Dodged            |    46 |    44 |   116 |   106 ||   312

Table legend: (Time is in decaauts)
 A = Elapsed time spent in this place.
 B = Non-inter-level travel time spent in this place.
 C = Inter-level travel time spent in this place.
 D = Time resting spent in this place.
 E = Time spent auto-exploring this place.
 F = Levels seen in this place.
 G = Mean time per level.
                   A        B        C        D        E       F      G
               +--------+--------+--------+--------+--------+-----+--------+
         Total |  11086 |  10732 |    354 |   1806 |   6617 |  13 |  852.8 |
       Dungeon |   7408 |   7087 |    321 |    415 |   5155 |  10 |  740.8 |
          Lair |   2368 |   2335 |     33 |    635 |   1296 |   2 | 1184.0 |
        Bailey |   1310 |   1310 |      0 |    755 |    166 |   1 | 1310.0 |
               +--------+--------+--------+--------+--------+-----+--------+

Top non-repeatable levels by time:
  Lair:1: 1862 daAuts
  Bailey: 1310 daAuts
    D:10: 1183 daAuts
     D:5: 1078 daAuts
     D:7: 1068 daAuts
     D:1: 963 daAuts
     D:6: 662 daAuts
     D:3: 642 daAuts
     D:9: 505 daAuts
  Lair:2: 505 daAuts
     D:8: 441 daAuts
     D:2: 439 daAuts
     D:4: 422 daAuts
